Map: Interloper LE

Players

Yata - Winner!

  • Race: Zerg Zerg
  • League: Platinum
  • Spawn Location: 11:00

ghoster

  • Race: Zerg Zerg
  • Spawn Location: 5:00

VOD

Have the link to the VOD?

Description

Time

  • Played on: Nov. 8, 2017, 3:16 p.m.
  • Length: 5:48
Show
View Real Time Build Order
Export as new Build Order

Yata Zerg - Winner!

Build Orders: Hatch First 

Get SALT Encoding   

  12  0:01  Drone  
  13  0:13  Overlord  
  13  0:17  Drone  
  14  0:31  Drone x2  
  14  0:35  Drone  
  17  0:55  Hatchery  
  16  0:57  Drone  
  16  1:01  Drone  
  18  1:11  Extractor  
  18  1:17  Spawning Pool  
  16  1:20  Drone  
  16  1:24  Drone  
  18  1:28  Drone  
  19  1:39  Overlord  
  19  1:50  Drone  
  20  2:01  Drone  
  20  2:03  Queen  
  20  2:06  Queen  
  25  2:13  Zergling x4  
  25  2:15  Metabolic Boost  
  27  2:20  Evolution Chamber  
  27  2:22  Drone  
  27  2:27  Drone  
  28  2:30  Drone  
  28  2:47  Zergling x6  
  30  2:51  Drone  
  30  2:53  Baneling Nest  
  30  3:01  Drone x2  
  33  3:12  Drone  
  33  3:13  Drone  
  33  3:17  Drone  
  35  3:20  Overlord x2  
  35  3:21  Overlord  
  35  3:33  Pneumatized Carapace  
  35  3:36  Baneling x2  
  35  3:38  Drone  
  35  3:39  Drone x4  
  40  3:46  Queen  
  42  3:49  Zergling x4  
  44  3:59  Zergling x2  
  44  4:00  Zergling x10  
  49  4:03  Drone  
  49  4:04  Drone  
  50  4:14  Drone x2  
  52  4:18  Queen  
  54  4:25  Baneling  
  54  4:26  Baneling x3  
  54  4:38  Zergling x8  
  56  4:39  Zergling x2  
  56  4:42  Hatchery  
  58  4:56  Drone  
  58  4:57  Drone  
  58  5:20  Spore Crawler  
  56  5:24  Spore Crawler x2  
  56  5:29  Zergling x4  
  56  5:30  Zergling x6  
  56  5:32  Spore Crawler  
Show
View Real Time Build Order
Export as new Build Order

ghoster Zerg 

Build Orders: Pool First 

Get SALT Encoding   

  12  0:14  Drone  
  12  0:15  Overlord  
  13  0:23  Drone  
  13  0:27  Extractor  
  13  0:33  Drone  
  14  0:44  Spawning Pool  
  14  0:47  Drone  
  14  0:59  Drone x2  
  16  1:09  Overlord  
  16  1:21  Drone  
  17  1:31  Queen  
  19  1:40  Extractor  
  19  1:42  Zergling x4  
  20  1:57  Metabolic Boost  
  20  2:13  Drone x3  
  23  2:24  Lair  
  21  2:59  Zergling x2  
  21  3:00  Zergling x4  
  21  3:02  Hatchery  
  23  3:37  Spire  
  23  3:40  Hydralisk Den  
  21  3:41  Drone  
  21  3:42  Drone x5  
  27  4:00  Queen  
  26  4:12  Zergling x4  
  26  4:15  Queen  
  30  4:18  Drone  
  27  4:49  Drone  
  27  4:50  Mutalisk x2  
  32  5:06  Hatchery  
  31  5:09  Overlord  
  27  5:24  Zergling x2  
  27  5:25  Zergling x4  
Tags
 
League
Platinum
Matchup
ZvZ
Race
Zerg
Replay Pack
Pack 1
Spawn Locations
Cross Positions
Add a new tag
Caveats
  • Supply blocks, unpowered buildings, or Contaminate may cause inaccurate times.
  • Supply counts are checked every 10 seconds.